 Dungeon Crawl Stone Soup version 0.26.0-3-g156281e41b (webtiles) character file.

Game seed: 16669282517932055785

12 trckry the Insei (level 2, -1/18 HPs)
             Began as an Octopode Transmuter on Jan 10, 2021.
             Slain by a gnoll
             ... wielding a +0 flail
              (6 damage)
             ... on level 2 of the Dungeon.
             The game lasted 00:01:49 (741 turns).

trckry the Insei (Octopode Transmuter)               Turns: 741, Time: 00:01:50

Health: -1/18      AC:  1    Str:  9    XL:     2   Next: 33%
Magic:  5/5        EV: 13    Int: 15    God:
Gold:   34         SH:  0    Dex: 12    Spells: 4/5 levels left

rFire    . . .     SeeInvis .     - Unarmed
rCold    . . .     Faith    .   (no shield)
rNeg     . . .     Spirit   .   (helmet restricted)
rPois    .         Reflect  .   (no amulet)
rElec    .         Harm     .   b - ring of teleportation (curse)
rCorr    .         Rampage  .   (no ring)
Will     .....     Rnd*Tele +   (no ring)
Stlth    +++.......             (no ring)
HPRegen  0.06/turn              (no ring)
MPRegen  0.09/turn              (no ring)
                                (no ring)
                                (no ring)

@: no status effects
A: almost no armour, stealthy swim, amphibious, 8 rings, constrict 8, camouflage
1, gelatinous body 1
a: no special abilities


You were on level 2 of the Dungeon.
You visited 1 branch of the dungeon, and saw 2 of its levels.

You collected 34 gold pieces.

Inventory:

Jewellery
 b - a cursed ring of teleportation (left tentacle)


   Skills:
 - Level 1.0 Fighting
 + Level 2.2 Dodging
 + Level 1.1 Stealth
 + Level 3.1 Unarmed Combat
 - Level 2.0 Spellcasting
 + Level 2.2 Transmutations


You had 4 spell levels left.
You knew the following spells:

 Your Spells              Type           Power        Failure   Level
a - Beastly Appendage     Tmut           16%          9%          1

Your spell library contained the following spells:

 Spells                   Type           Power        Failure   Level
 Wereblood                Tmut           8%           13%         2
 Spider Form              Tmut/Pois      2%           38%         3
 Ice Form                 Ice/Tmut       4%           80%         4
 Blade Hands              Tmut           4%           94%         5


Dungeon Overview and Level Annotations

Branches:
Dungeon (2/15)

Altars:


Innate Abilities, Weirdness & Mutations

You cannot wear most types of armour.
You are very stealthy in the water. (Stealth+)
You are amphibious.
You can wear up to eight rings at the same time.
You can use your tentacles to constrict eight enemies at once.
Your skin changes colour to match your surroundings (Stealth+).
Your rubbery body absorbs attacks. (AC +1, EV +1)


Message History

You see here a +0 short sword.
There is a stone staircase leading down here.
You climb downwards. 2 adders and 4 gnolls come into view.
The gnoll shouts! x2; The adder hisses angrily. x2
There is a stone staircase leading up here.
You tentacle-slap the gnoll. You grab the gnoll.
The gnoll is moderately wounded.
You constrict the gnoll, but do no damage.
You tentacle-slap the gnoll.
The gnoll is heavily wounded.
You constrict the gnoll. The gnoll hits you with a +0 halberd!
Ouch! That really hurt!
* * * LOW HITPOINT WARNING * * *
You are too injured to fight recklessly!
You tentacle-slap the gnoll but do no damage.
You squeeze the gnoll.
You kill the gnoll!
The gnoll hits you with a +0 flail.
You die...

##.#. .#
..#. .# #
#.#.###.##.#
#.........
#...g.gS.
#....S.##
#..).g..#..#
#...@......#
#####...#.##
#.## .# #


You could see 3 gnolls and 2 adders.

Vanquished Creatures
  A gnoll (D:2)
  2 bats (D:1)
  A giant cockroach (D:1)
  4 goblins (D:1)
  2 frilled lizards (D:1)
  2 kobolds (D:1)
  A rat (D:1)
13 creatures vanquished.

Notes
Turn   | Place    | Note
-------+----------+-------------------------------------------
     0 | D:1      | trckry the Octopode Transmuter began the quest for the Orb.
     0 | D:1      | Reached XP level 1. HP: 13/13 MP: 3/3
   292 | D:1      | Reached XP level 2. HP: 17/18 MP: 5/5
   318 | D:1      | Reached skill level 1 in Stealth
   741 | D:2      | Slain by a gnoll

Illustrated notes

Levels and vault maps discovered:
D:1:      erik_arrival_triangle_small, layout_basic
D:2:      layout_loops_ring, minmay_goblin_outpost

Skill      XL: |  1  2 |
---------------+-------+-----
Stealth        | 1 |  1.1
Fighting       | |  1.0
Dodging        | |  2.2
Unarmed Combat | |  3.1
Spellcasting   | |  2.0
Transmutations | |  2.2

Action                   || total
-------------------------++-------
Melee: Unarmed           ||    29
       Constrict         ||     6
       Kick              ||     1
       Tentacles         ||     2
 Cast: Beastly Appendage ||     1
  Use: Scroll            ||     3
 Stab: Sleeping          ||     4
Armor: Skin              ||     6
Dodge: Dodged            ||    17
